 Dungeon Crawl Stone Soup version 0.29-a0-1023-g6ae1a4a2c7 (webtiles) character file.

Game seed: 11803094336218323452

47 BritishOli the Slasher (level 3, 0/28 HPs)
             Began as a Demonspawn Gladiator on Aug 11, 2022.
             Slain by a gnoll
             ... wielding a +0 flail
              (3 damage)
             ... on level 1 of the Dungeon.
             The game lasted 00:00:57 (1079 turns).

BritishOli the Slasher (Demonspawn Gladiator)       Turns: 1079, Time: 00:00:57

Health: 0/28       AC:  7    Str: 16    XL:     3   Next: 48%
Magic:  3/3        EV: 12    Int:  9    God:
Gold:   17         SH:  0    Dex: 14    Spells: 2/2 levels left

rFire   . . .      SeeInvis .   a - +0 long sword
rCold   . . .      Faith    .   (no shield)
rNeg    . . .      Spirit   .   b - +0 leather armour
rPois   .          Reflect  .   c - +0 helmet
rElec   .          Harm     .   (no cloak)
rCorr   .          Rampage  .   i - +2 pair of gloves
Will    .....                   (no boots)
Stlth   +.........              (no amulet)
HPRegen 0.09/turn               (no ring)
MPRegen 0.08/turn               (no ring)

@: no status effects
A: demonic touch 1
a: no special abilities


You were on level 1 of the Dungeon.
You visited 1 branch of the dungeon, and saw 2 of its levels.

You collected 47 gold pieces.
You spent 30 gold pieces at shops.

Inventory:

Hand Weapons
 a - a +0 long sword (weapon)
Missiles
 d - 3 throwing nets (quivered)
 e - a javelin
Armour
 b - a +0 leather armour (worn)
 c - a +0 helmet (worn)
 i - a +2 pair of gloves (worn)
Jewellery
 l - a ring of fire
 m - a ring of willpower
Scrolls
 f - a scroll of enchant weapon {unknown}
 j - 2 scrolls of identify {unknown}
 n - a scroll of amnesia {unknown}
 o - a scroll of teleportation {unknown}
Potions
 g - 2 potions of lignification {unknown}
 h - 2 potions of resistance {unknown}
 k - 3 potions of curing
 p - a potion of flight {unknown}


   Skills:
 * Level 2.6 Fighting
 * Level 3.1 Long Blades
 - Level 2.1 Throwing
 + Level 0.3 Armour
 + Level 3.1 Dodging


You had 2 spell levels left.
You didn't know any spells.
Your spell library was empty.

Dungeon Overview and Level Annotations

Branches:
Dungeon (2/15)

Altars:

Shops:
D:1 !


Innate Abilities, Weirdness & Mutations

Your touch may inflict minor irresistible damage on your foes.


Message History

No target in view!
(D) Dungeon
Where to? (? - help)
There is a stone staircase leading down here.
You climb downwards.
The gnoll shouts! x3; You hear an angry hiss.
Found an escape hatch in the ceiling.
There is a stone staircase leading up here.
There are monsters nearby!
There are monsters nearby!
You hit the gnoll. Your touch misses the gnoll.
The gnoll is lightly wounded.
The gnoll hits you with a +0 whip. The gnoll hits you with a +0 spear.
There are monsters nearby!
There are monsters nearby!
You barely miss the gnoll.
You touch the gnoll!
The gnoll is severely wounded.
The gnoll hits you with a +0 whip. The gnoll hits you but does no damage.
You barely miss the gnoll.
The gnoll is severely wounded.
The gnoll barely misses you. The gnoll hits you with a +0 flail.
The gnoll hits you with a +0 spear.
There are monsters nearby!
You are too injured to fight recklessly!
The gnoll hits you with a +0 flail.
* * * LOW HITPOINT WARNING * * *
The gnoll hits you with a +0 whip.
* * * LOW HITPOINT WARNING * * *
The gnoll barely misses you.
You climb upwards.
There is a stone staircase leading down here.
You hit the gnoll.
You kill the gnoll!
The gnoll closely misses you.
Things that are here:
a +0 spear; a gnoll corpse You hit the gnoll.
The gnoll is moderately wounded.
The gnoll hits you but does no damage. The gnoll hits you with a +0 flail.
You die...

#†######.# #......###.
#.##...#.###.#[#..# #. #####
#.##.#.........#..# #. ###...#
#.##...#.###.#....# #. ....#.#
#.###.##.# #.#....###. ###...####
#........# #.#........ #.......#
#####.#### #.##....... #.......#
#.# #......#### #.#.###.# #@#
#####.## #.#.# #.# #g# #.# #.#.#
#.# #g# ##'## #.#.###.# #.#
##)..## #.......# #.## ##.....##
#...###.# #..## ##.......##
##.......#######...####.........#
......................+.........+
#....###########...####.........#


You could see 2 gnolls.

Vanquished Creatures
  A gnoll (D:1)
  2 dart slugs (D:1)
  2 ball pythons (D:1)
  3 endoplasms (D:1)
  A giant cockroach (D:1)
  A goblin (D:1)
  4 hobgoblins (D:1)
  7 jackals (D:1)
  2 kobolds (D:1)
  A quokka (D:1)
  A bat (D:1)
  3 frilled lizards (D:1)
28 creatures vanquished.

Notes
Turn   | Place    | Note
-------+----------+-------------------------------------------
     0 | D:1      | BritishOli the Demonspawn Gladiator began the quest for the
                  | Orb.
     0 | D:1      | Reached XP level 1. HP: 16/16 MP: 1/1
   162 | D:1      | Gained mutation: Your touch may inflict minor irresistible
                  | damage on your foes. [demonic ancestry]
   162 | D:1      | Reached XP level 2. HP: 14/22 MP: 2/2
   637 | D:1      | Reached XP level 3. HP: 28/28 MP: 3/3
   895 | D:1      | Found Bufelil's Distillery.
   903 | D:1      | Bought a potion of curing for 30 gold pieces
  1079 | D:1      | Slain by a gnoll

Illustrated notes

Levels and vault maps discovered:
D:1:      matt_arrival_refuge, layout_loops_corners, serial_shops,
          nicolae_diamond_shop
D:2:      layout_rooms, uniq_sigmund

Skill      XL: |  1  2 |
---------------+-------+-----
Throwing       | 2 |  2.1
Long Blades    | 3 |  3.1
Dodging        | 3 |  3.1
Fighting       | |  2.6
Armour         | |  0.3

Action                   || total
-------------------------++-------
Melee: Long sword        ||    57
       Touch             ||     8
 Stab: Sleeping          ||     1
Armor: Leather armour    ||    20
Dodge: Dodged            ||    53

Table legend: (Time is in decaauts)
 A = Elapsed time spent in this place.
 B = Non-inter-level travel time spent in this place.
 C = Inter-level travel time spent in this place.
 D = Time resting spent in this place.
 E = Time spent auto-exploring this place.
 F = Levels seen in this place.
 G = Mean time per level.
                   A        B        C        D        E       F      G
               +--------+--------+--------+--------+--------+-----+--------+
         Total |   1093 |   1071 |     22 |      0 |    898 |   2 |  546.5 |
       Dungeon |   1093 |   1071 |     22 |      0 |    898 |   2 |  546.5 |
               +--------+--------+--------+--------+--------+-----+--------+

Top non-repeatable levels by time:
     D:1: 1088 daAuts
     D:2: 5 daAuts
